 Dungeon Crawl Stone Soup version 0.30.1 (webtiles) character file.

Game seed: 6800027608728243080

98 Babbit the Trooper (level 4, 0/45 HPs)
             Began as a Minotaur Fighter on July 7, 2023.
             Killed from afar by an orc wizard (10 damage)
             ... with a magic dart
             ... on level 3 of the Dungeon.
             The game lasted 00:15:56 (2180 turns).

Babbit the Trooper (Minotaur Fighter)               Turns: 2180, Time: 00:15:57

Health: 0/45       AC:  9    Str: 24    XL:     4   Next: 43%
Magic:  3/3        EV:  9    Int:  4    God:
Gold:   81         SH:  4    Dex: 11    Spells: 3/3 levels left

rFire   . . .        a - +0 war axe
rCold   x . .        c - +0 buckler
rNeg    . . .        b - +0 scale mail
rPois   .            (helmet restricted)
rElec   .            (no cloak)
rCorr   .            k - +0 pair of gloves
SInv    .            j - +0 pair of boots
Will    .....        (no amulet) Stlth
                     (no ring)
HPRegen 0.27/turn    (no ring)
MPRegen 0.08/turn

%: no passive effects
@: unable to read
A: horns 2, retaliatory headbutt, robust 1, strong 1, cold vulnerability 1,
inability to read after injury 1
a: no special abilities


You were on level 3 of the Dungeon.
You visited 1 branch of the dungeon, and saw 3 of its levels.

You collected 81 gold pieces.

Inventory:

Hand Weapons
 a - a +0 war axe (weapon)
Missiles
 e - 13 stones (quivered)
Armour
 b - a +0 scale mail (worn)
 c - a +0 buckler (worn)
 j - a +0 pair of boots (worn)
 k - a +0 pair of gloves (worn)
Scrolls
 f - a scroll of fear {unknown}
 g - a scroll of identify
 h - 2 scrolls of brand weapon {unknown}
 l - a scroll of poison {unknown}
 n - a scroll of fog {unknown}
 o - a scroll of blinking {unknown}
 p - a scroll of immolation {unknown}
Potions
 d - a potion of might
 m - a potion of degeneration {unknown}


   Skills:
 + Level 4.4 Fighting
 + Level 3.6 Axes
 + Level 4.4 Armour
 + Level 0.6 Dodging
 + Level 0.2 Stealth
 + Level 4.1 Shields


You had 3 spell levels left.
You didn't know any spells.
Your spell library contained the following spells:

 Spells                   Type           Power      Damage    Failure   Level
 Apportation              Tloc           0%         N/A       85%         1
 Necrotise                Necr           0%         1d4       85%         1
 Sandblast                Erth           0%         2d4       85%         1
 Summon Small Mammal      Summ           0%         N/A       85%         1
 Passwall                 Tmut/Erth      0%         N/A       94%         2
 Ozocubu's Armour         Ice            0%         N/A       99%         3
 Stone Arrow              Conj/Erth      0%         3d7       99%         3
 Conjure Ball Lightning   Conj/Air       0%         3x3d6     100%        6
 Ozocubu's Refrigeration  Ice            0%         4d7       100%        7
 Discord                  Hex            0%         N/A       100%        8
 Disjunction              Tloc           0%         N/A       100%        8


Dungeon Overview and Level Annotations

Branches:
Dungeon (3/15)

Altars:


Innate Abilities, Weirdness & Mutations

You have a pair of horns on your head.
You reflexively headbutt those who attack you in melee.
You are robust. (+10% HP)
Your muscles are strong. (Str +4, Int/Dex -1)
You are vulnerable to cold. (rC-)
You occasionally lose the ability to read scrolls when taking damage.


Message History

You miss something. Your headbutt misses something.
You hear some strange, mumbled words.
You are confused.
You completely miss something.
You hear some strange, mumbled words.
You are more confused.
You hear some strange, mumbled words.
Something tries to affect you, but you resist.
Something hits you but does no damage.
You completely miss something. Your headbutt misses something.
Something hits you but does no damage. Something hits you but does no damage.
You miss something. Something hits you.
You barely miss something. Your headbutt misses something.
You hear some strange, mumbled words.
Something tries to affect you, but you resist.
Something hits you but does no damage.
You're too confused to move!
Something hits you.
You bump into the rock wall.
You hear some strange, mumbled words.
A puff of flame appears from out of thin air!
The puff of flame hits you! Something hits you but does no damage.
You barely miss something. Your headbutt misses something.
Something hits you but does no damage.
You feel less confused.
You hit something but do no damage. Something hits you.
* * * LOW HITPOINT WARNING * * *
Really quaff the potion of mutation?
You feel extremely strange.
You occasionally lose the ability to read scrolls when taking damage.
You feel stronger.
You feel vulnerable to cold.
You feel robust. Something hits you.
* * * LOW HITPOINT WARNING * * *
You hit something.
You hear some strange, mumbled words.
A magic dart appears from out of thin air!
The magic dart hits you!
You feel threatened and lose the ability to read scrolls!
You die...

#.. ... <.. . #.# #.# ..
#.# #.# ... ###.########.#
.[ ...... ....##.#... #..#
#..)...... ###..######.)#
#.# #.........@{.##.# #.#
#.#########.###.# #.# #>#
#.# #.# #.# #.# #.# #.# #.#
#.# #.# #.# #.# #.# #.# #.#
##.###### #.#####
#.###.###........
#.....#####..........######
#####...........######


There were no monsters in sight!

Vanquished Creatures
  2 adders (D:2)
  3 dart slugs
  3 orcs (D:3)
  7 ball pythons
  4 endoplasms (D:1)
  A giant cockroach (D:2)
  4 goblins
  3 hobgoblins (D:1)
  4 jackals (D:1)
  2 kobolds
  8 bats
  2 frilled lizards
  4 rats
47 creatures vanquished.

Vanquished Creatures (others)
  An orc wizard (D:3)
1 creature vanquished.

Grand Total: 48 creatures vanquished

Notes
Turn   | Place    | Note
-------+----------+-------------------------------------------
     0 | D:1      | Babbit the Minotaur Fighter began the quest for the Orb.
     0 | D:1      | Reached XP level 1. HP: 19/19 MP: 0/0
   288 | D:1      | Reached XP level 2. HP: 27/27 MP: 1/1
   459 | D:1      | Found a faded altar of an unknown god.
  1094 | D:2      | Reached XP level 3. HP: 33/33 MP: 2/2
  1934 | D:2      | Reached XP level 4. HP: 28/41 MP: 3/3
  2179 | D:3      | Gained mutation: You occasionally lose the ability to read
                  | scrolls when taking damage. [potion of mutation]
  2179 | D:3      | Gained mutation: Your muscles are strong. (Str +4, Int/Dex
                  | -1) [potion of mutation]
  2179 | D:3      | Gained mutation: You are vulnerable to cold. (rC-) [potion
                  | of mutation]
  2179 | D:3      | Gained mutation: You are robust. (+10% HP) [potion of
                  | mutation]
  2180 | D:3      | Killed from afar by an orc wizard

Illustrated notes

Levels and vault maps discovered:
D:1:      co_arrival_random_square_maze, layout_loops_ring,
          dreamdust_ecumenical_altar_hidden_monk_grotto
D:2:      minmay_recursive_quarters, layout_basic
D:3:      layout_loops_ring, portal_sewer_entry_e

Skill      XL: |  1  2 |
---------------+-------+-----
Fighting       | 4 |  4.4
Axes           | 3 |  3.6
Armour         | 4 |  4.4
Shields        | 4 |  4.1
Dodging        | |  0.6
Stealth        | |  0.2

Action                     |  1- 3 |  4- 6 || total
---------------------------+-------+-------++-------
  Melee: War axe           |    86 |    26 ||   112
         Headbutt          |     8 |     3 ||    11
    Use: Scroll            |     1 |       ||     1
         Potion            |       |     1 ||     1
 Armour: Scale mail        |    57 |    15 ||    72
  Dodge: Dodged            |    36 |     1 ||    37
  Block: Buckler           |    33 |       ||    33
